 Dungeon Crawl Stone Soup version 0.21.1-1-g345015fe64 (webtiles) character file.

3381 Kohma the Covert (level 9, -4/46 HPs)
             Began as a Spriggan Assassin on June 9, 2018.
             Was a Believer of Wu Jian.
             Killed by divine providence
             ... invoked by an orc priest
              (12 damage)
             ... on level 8 of the Dungeon.
             The game lasted 00:38:48 (9711 turns).

Kohma the Covert (Spriggan Assassin)                Turns: 9711, Time: 00:38:49

Health: -4/46      AC:  4    Str:  7    XL:     9   Next: 74%
Magic:  0/10       EV: 25    Int: 12    God:    Wu Jian [**....]
Gold:   243        SH:  0    Dex: 21    Spells: 8/8 levels left

rFire    + . .     SeeInvis +   p - +5 dagger (venom)
rCold    + . .     Gourm    .   (shield restricted)
rNeg     . . .     Faith    .   B - +2 robe {MR+}
rPois    +         Spirit   +   (helmet restricted)
rElec    .         Reflect  .   J - scarf {rC+ rF+}
rCorr    .         Harm     .   (gloves unavailable)
MR       ++...                  (boots unavailable)
Stlth    ++++++....             o - amulet of guardian spirit
HPRegen  0.15/turn              m - ring of poison resistance
MPRegen  0.12/turn              (no ring)

@: very quick
A: very small, unfitting armour, see invisible, herbivore, speed 3, slow
metabolism 2
a: Wall Jump, Renounce Religion


You were on level 8 of the Dungeon.
You worshipped Wu Jian.
Wu Jian was pleased with you.
You were not hungry.

You visited 2 branches of the dungeon, and saw 9 of its levels.

You collected 243 gold pieces.

Inventory:

Hand Weapons
 a - a +2 dagger
 b - a +0 blowgun
 p - a +5 dagger of venom (weapon)
 v - a +1 vampiric dagger
 G - a +2 dagger of distortion
Missiles
 e - 47 poisoned needles (quivered)
 f - 2 curare-tipped needles
 l - 92 bolts
Armour
 d - a +2 cloak
 w - a +0 buckler
 B - a +2 robe of magic resistance (worn)
 J - a scarf of resistance (worn)
Jewellery
 k - an uncursed ring of fire
 m - a ring of poison resistance (left hand)
 o - an amulet of guardian spirit (around neck)
 I - a +5 ring of intelligence {unknown}
Wands
 s - a wand of acid (8)
 u - a wand of digging (11)
 A - a wand of iceblast (4)
Scrolls
 c - a scroll of magic mapping
 h - 2 scrolls of teleportation
 y - 4 scrolls of remove curse
 E - a scroll of fog {unknown}
Potions
 i - 7 potions of curing
 j - 4 potions of heal wounds
 n - a potion of berserk rage {unknown}
 q - a potion of flight {unknown}
 r - 2 potions of lignification {unknown}
 t - 2 potions of invisibility {unknown}
 x - 3 potions of resistance
 z - 3 potions of might
 F - 2 potions of ambrosia {unknown}
Books
 C - a book of Flames

   Spells                             Type                      Level
   a - Flame Tongue                   Conjuration/Fire             1
   b - Throw Flame                    Conjuration/Fire             2
   c - Conjure Flame                  Conjuration/Fire             3
   d - Inner Flame                    Hexes/Fire                   3
   e - Sticky Flame                   Conjuration/Fire             4
   f - Fireball                       Conjuration/Fire             5
 D - a book of Changes

   Spells                             Type                      Level
   a - Beastly Appendage              Transmutation                1
   b - Sticks to Snakes               Transmutation                2
   c - Spider Form                    Transmutation/Poison         3
   d - Ice Form                       Ice/Transmutation            4
   e - Blade Hands                    Transmutation                5
 H - a book of Misfortune

   Spells                             Type                      Level
   a - Confusing Touch                Hexes                        1
   b - Confuse                        Hexes                        3
   c - Gell's Gravitas                Translocation                3
   d - Petrify                        Transmutation/Earth          4
   e - Metabolic Englaciation         Hexes/Ice                    5
   f - Yara's Violent Unravelling     Hexes/Transmutation          5
Comestibles
 g - 9 rations


   Skills:
 + Level 4.5 Fighting
 * Level 9.2 Short Blades
 - Level 2.0 Throwing
 + Level 8.2 Dodging
 * Level 13.3 Stealth


You had 8 spell levels left.
You didn't know any spells.

Dungeon Overview and Level Annotations

Branches:
Dungeon (8/15)             Temple (1/1) D:4
   Lair: D:8-11

Altars:
Ashenzari
Cheibriados
Dithmenos
Elyvilon
Fedhas
Hepliaklqana
Kikubaaqudgha
Makhleb
Nemelex Xobeh
Okawaru
Qazlal
Ru
Sif Muna
Trog
Uskayaw
Vehumet
Wu Jian
Xom
The Shining One


Innate Abilities, Weirdness & Mutations

You are very small and have problems with some larger weapons.
You are too small for most types of armour.
You have supernaturally acute eyesight. (SInv)
You are a herbivore.
You cover ground extremely quickly.
You need consume almost no food.


Message History

The orc warrior is healed somewhat.
You closely miss the orc warrior.
The orc warrior is heavily wounded.
The orc warrior hits you with a flail!!
You hit the orc warrior.
The orc warrior looks as sick as possible!
The orc warrior is severely wounded.
You hit the orc warrior.
The orc warrior looks as sick as possible!
The orc warrior is almost dead.
The orc priest invokes the aid of Beogh against you.
Beogh smites you!
* * * LOW HITPOINT WARNING * * *
The orc warrior completely misses you.
The orc priest miscasts a cantrip.
You kill the orc warrior!
The Council accepts your kill.
The orc priest invokes the aid of Beogh against you.
Beogh smites you!
You die...

<.####### ..#.....##
.........## ......^...#
.o........# ..<.......#
........†.# ####.
..........#############.....
.o.........o)...@.......#
.........#.o..#####....##
..#.....#####.....#....# ##.
.###..### #####......# #..
## ##.# ###....# #.# # #.#
#....# #.# #. ####.# #.#
#.## #.# #..# #.#


You could see 2 orc priests.

Vanquished Creatures
  Psyche (D:7)
  3 hippogriffs (D:7)
  An ice beast (D:5)
  A necrophage (D:7)
  An orc warrior (D:8)
  4 ogres
  A phantom (D:7)
  A centaur (D:7)
  A big kobold (D:7)
  2 bullfrogs (D:6)
  A scorpion (D:6)
  8 killer bees
  4 wights (D:6)
  A howler monkey (D:4)
  2 crimson imps
  A bullfrog zombie (D:5)
  A jelly (D:7)
  2 hounds
  3 orc wizards
  An orc priest (D:5)
  2 centaur skeletons
  2 iguanas
  10 worker ants
  A hound zombie (D:6)
  2 hound skeletons
  6 gnolls
  7 adders
  A shadow imp (D:5)
  An ooze (D:4)
  An adder zombie (D:6)
  3 adder skeletons
  3 worms
  A dart slug (D:3)
  A leopard gecko (D:4)
  32 orcs
  6 bats (D:1)
  4 giant cockroaches
  5 hobgoblins (D:2)
  16 jackals
  18 kobolds
  A quokka (D:6)
  2 ball pythons
  5 frilled lizards
  3 goblins
  A jackal skeleton (D:5)
  A leopard gecko skeleton (D:7)
  A leopard gecko zombie (D:5)
  A quokka skeleton (D:4)
  5 rats
  A plant (D:3)
183 creatures vanquished.

Vanquished Creatures (collateral kills)
  A giant cockroach (D:6)
1 creature vanquished.

Grand Total: 184 creatures vanquished

Notes
Turn   | Place    | Note
-------+----------+-------------------------------------------
     0 | D:1      | Kohma the Spriggan Assassin began the quest for the Orb.
     0 | D:1      | Reached XP level 1. HP: 10/10 MP: 2/2
   154 | D:1      | Reached skill level 6 in Stealth
   184 | D:2      | Reached XP level 2. HP: 15/15 MP: 3/3
   990 | D:2      | Reached XP level 3. HP: 18/18 MP: 4/4
  1158 | D:2      | Noticed an ogre
  1199 | D:2      | Killed an ogre
  1199 | D:2      | Reached skill level 7 in Stealth
  1199 | D:2      | Reached XP level 4. HP: 7/23 MP: 5/5
  1774 | D:2      | Reached XP level 5. HP: 26/26 MP: 6/6
  2636 | D:4      | Reached skill level 8 in Stealth
  2664 | D:4      | HP: 1/26 [iguana (11)]
  2711 | D:5      | Entered Level 5 of the Dungeon
  3075 | D:5      | Reached XP level 6. HP: 6/30 MP: 7/7
  3549 | D:4      | Found a shattered altar of Ashenzari.
  3662 | D:3      | Found an iron altar of Okawaru.
  3799 | D:3      | Found a faded altar of an unknown god.
  3814 | D:3      | Reached skill level 5 in Short Blades
  4732 | D:4      | Reached skill level 9 in Stealth
  5046 | D:4      | Found a staircase to the Ecumenical Temple.
  5067 | Temple   | Entered the Ecumenical Temple
  5195 | Temple   | Became a worshipper of the Wu Jian Council
  5435 | D:4      | Reached XP level 7. HP: 24/35 MP: 4/8
  5754 | D:4      | Reached skill level 5 in Dodging
  5810 | D:4      | Found a hazy altar of Hepliaklqana.
  5811 | D:4      | Found a shimmering altar of Xom.
  5850 | D:4      | Found a blossoming altar of Fedhas.
  5852 | D:4      | Found a sparkling altar of Nemelex Xobeh.
  6086 | D:5      | Found a snail-covered altar of Cheibriados.
  6224 | D:5      | Reached skill level 10 in Stealth
  6243 | D:5      | Reached * piety under Wu Jian
  6611 | D:6      | Reached XP level 8. HP: 39/39 MP: 9/9
  6984 | D:6      | Reached skill level 11 in Stealth
  7946 | D:7      | Found a blossoming altar of Fedhas.
  7966 | D:8      | Noticed a hippogriff
  8032 | D:7      | Reached ** piety under Wu Jian
  8265 | D:7      | Noticed a hippogriff
  8275 | D:7      | Killed a hippogriff
  8275 | D:7      | Reached XP level 9. HP: 45/45 MP: 10/10
  8333 | D:8      | Noticed Psyche
  8347 | D:7      | Reached skill level 12 in Stealth
  8949 | D:7      | Killed Psyche
  9424 | D:7      | Reached skill level 13 in Stealth
  9711 | D:8      | Killed from afar by an orc priest

Skill      XL: |  1  2  3  4  5  6  7  8  9 |
---------------+----------------------------+-----
Stealth        | 6 7 8 9 10 11 13 | 13.3
Dodging        | 2 3 4 5 7 8 |  8.2
Short Blades   | 3 4 5 6 7 9 |  9.2
Fighting       | 2 3 4 |  4.5
Throwing       | |  2.0

Action                   |  1- 3 |  4- 6 |  7- 9 || total
-------------------------+-------+-------+-------++-------
Melee: Dagger            |    70 |   409 |   478 ||   957
 Fire: Blowgun           |     3 |    13 |     2 ||    18
Throw: Throwing net      |       |     1 |       ||     1
Invok: Lunge             |       |       |    25 ||    25
       Whirlwind         |       |       |    15 ||    15
       Wall Jump         |       |       |     1 ||     1
  Use: Scroll            |       |    11 |     9 ||    20
       Potion            |       |       |     1 ||     1
 Stab: Sleeping          |    11 |    20 |    19 ||    50
       Distracted        |     1 |       |     3 ||     4
  Eat: Ration            |       |     1 |     3 ||     4
Armor: Robe              |    15 |    17 |    37 ||    69
Dodge: Dodged            |    55 |   190 |   280 ||   525
